Map: 乌雷纳

Players

Quail

  • Race: Protoss Protoss
  • League: Platinum

毛乎乎 - Winner!

  • Race: Terran Terran
  • League: Diamond

VOD

Have the link to the VOD?

Description

Time

  • Played on: Dec. 4, 2015, 2:23 a.m.
  • Length: 14:18
Show
View Real Time Build Order
Export as new Build Order

Quail Protoss 

Build Orders: 1 Gate Expand 

Get SALT Encoding   

  12  0:01  Probe (Chrono Boost)  
  13  0:11  Probe (Chrono Boost)  
  14  0:18  Pylon  
  14  0:22  Probe (Chrono Boost)  
  15  0:36  Probe (Chrono Boost)  
  15  0:37  Gateway  
  16  0:43  Assimilator  
  16  0:46  Probe (Chrono Boost)  
  18  0:57  Probe (Chrono Boost)  
  18  1:07  Probe (Chrono Boost)  
  19  1:22  Nexus  
  19  1:25  Probe (Chrono Boost)  
  20  1:37  Cybernetics Core  
  20  1:41  Probe (Chrono Boost)  
  20  1:46  Pylon  
  21  1:53  Probe (Chrono Boost)  
  22  2:00  Assimilator  
  22  2:03  Probe (Chrono Boost)  
  23  2:13  Adept  
  23  2:14  Probe (Chrono Boost)  
  26  2:22  Warp Gate  
  26  2:25  Mothership Core (Chrono Boost)  
  28  2:37  Probe (Chrono Boost)  
  29  2:40  Adept  
  29  2:43  Probe (Chrono Boost), Pylon  
  32  2:47  Probe (Chrono Boost)  
  33  2:54  Probe (Chrono Boost)  
  33  2:58  Probe (Chrono Boost)  
  35  3:03  Pylon  
  35  3:04  Probe (Chrono Boost)  
  36  3:08  Probe (Chrono Boost)  
  36  3:09  Stalker  
  39  3:15  Probe (Chrono Boost)  
  39  3:19  Probe (Chrono Boost)  
  41  3:25  Probe (Chrono Boost)  
  42  3:30  Probe (Chrono Boost)  
  43  3:36  Probe (Chrono Boost)  
  43  3:40  Probe (Chrono Boost)  
  45  3:42  Robotics Facility  
  45  3:44  Gateway  
  45  3:46  Probe (Chrono Boost)  
  46  3:51  Probe (Chrono Boost)  
  47  3:56  Stalker  
  47  3:57  Probe (Chrono Boost)  
  47  4:01  Probe (Chrono Boost), Pylon  
  47  4:02  Assimilator  
  51  4:09  Assimilator  
  49  4:12  Probe x2 (Chrono Boost)  
  51  4:23  Probe x2 (Chrono Boost), Gateway  
  53  4:24  Gateway  
  53  4:28  Pylon  
  53  4:31  Twilight Council  
  53  4:32  Observer  
  53  4:33  Probe (Chrono Boost)  
  53  4:35  Probe (Chrono Boost)  
  54  4:44  Probe (Chrono Boost)  
  55  4:46  Probe (Chrono Boost)  
  56  4:53  Observer  
  56  4:54  Stalker, Probe (Chrono Boost)  
  56  4:56  Probe (Chrono Boost)  
  61  5:02  Stalker  
  61  5:05  Probe (Chrono Boost)  
  61  5:06  Probe (Chrono Boost)  
  64  5:08  Blink (Chrono Boost)  
  65  5:14  Observer  
  65  5:16  Probe  
  65  5:17  Forge  
  67  5:27  Stalker  
  69  5:31  Nexus  
  69  5:36  Immortal  
  73  5:42  Pylon  
  73  5:46  Pylon  
  73  5:50  Stalker  
  73  5:56  Photon Cannon  
  75  5:59  Photon Cannon  
  75  6:02  Pylon  
  75  6:03  Stalker  
  76  6:07  Photon Cannon  
  76  6:09  Protoss Ground Weapons Level 1 (Chrono Boost)  
  76  6:14  Warp Prism  
  76  6:15  Stalker  
  80  6:22  Robotics Bay  
  80  6:26  Pylon  
  80  6:33  Pylon  
  80  6:36  Stalker x3  
  86  6:45  Probe x2  
  86  6:46  Pylon  
  87  6:47  Probe  
  87  6:50  Sentry  
  91  6:59  Immortal  
  95  7:02  Adept x2  
  95  7:04  Adept  
  101  7:14  Stalker  
  101  7:24  Stalker x2  
  105  7:30  Photon Cannon  
  105  7:35  Stalker, Probe  
  105  7:36  Probe  
  109  7:39  Pylon, Protoss Ground Armor Level 1 (Chrono Boost)  
  109  7:44  Disruptor (Chrono Boost)  
  109  7:45  Gateway  
  109  7:47  Gateway  
  109  7:48  Gravitic Drive  
  109  7:50  Adept  
  114  7:58  Stalker x2  
  114  7:59  Stalker  
  120  8:05  Pylon  
  120  8:16  Disruptor (Chrono Boost)  
  121  8:25  Robotics Facility  
  119  8:29  Photon Cannon  
  119  8:31  Photon Cannon  
  119  8:37  Probe  
  119  8:38  Probe  
  119  8:39  Probe  
  116  8:42  Templar Archives  
  116  8:46  Gateway  
  116  8:47  Gateway, Disruptor (Chrono Boost)  
  116  8:48  Probe  
  119  8:49  Gateway  
  119  8:51  Gateway  
  120  8:58  Stalker x3  
  126  9:04  Assimilator  
  126  9:06  Assimilator  
  126  9:09  Pylon  
  129  9:17  Disruptor (Chrono Boost)  
  129  9:20  Disruptor (Chrono Boost)  
  129  9:21  Adept x2  
  136  9:31  Resonating Glaives  
  136  9:34  Adept x3  
  142  9:48  Adept  
  142  9:49  Adept x4, Warp Prism (Chrono Boost)  
  157  10:02  Disruptor (Chrono Boost)  
  157  10:12  Pylon  
  157  10:15  Pylon  
  157  10:24  Pylon  
  157  10:36  Adept  
  157  10:38  Adept x5  
  157  10:39  Adept x2  
  167  10:57  Probe x2  
  167  11:00  Adept x2  
  167  11:01  Adept x6  
  167  11:03  Probe  
  180  11:09  Probe x2  
  163  11:13  Probe  
  148  11:24  Adept x2  
  148  11:25  Adept x5  
  130  11:57  Adept x8  
  142  12:16  Adept  
  74  12:53  Stalker x4  
  61  13:34  Templar Archives  
  51  13:58  Nexus  
Show
View Real Time Build Order
Export as new Build Order

毛乎乎 Terran - Winner!

Build Orders: MMM Bio 

Get SALT Encoding   

  12  0:01  SCV  
  13  0:13  SCV  
  14  0:17  Supply Depot  
  14  0:26  SCV  
  15  0:39  SCV  
  15  0:41  Barracks  
  16  0:46  Refinery  
  16  0:52  SCV  
  18  1:04  SCV  
  18  1:17  SCV  
  19  1:30  Marine, Orbital Command  
  20  1:50  Command Center  
  20  2:02  SCV  
  20  2:05  Barracks Reactor  
  20  2:07  Supply Depot  
  21  2:14  SCV  
  22  2:22  Factory  
  22  2:27  SCV  
  23  2:39  SCV  
  23  2:40  Marine x2  
  23  2:42  Bunker  
  26  2:52  Barracks x2  
  26  3:01  SCV  
  26  3:03  Orbital Command  
  27  3:07  Factory Tech Lab  
  27  3:12  Refinery  
  27  3:14  Marine x2  
  28  3:25  SCV  
  29  3:29  SCV  
  30  3:41  Supply Depot  
  30  3:42  SCV  
  34  3:48  Cyclone  
  34  3:51  Barracks Tech Lab  
  34  3:52  Barracks Tech Lab  
  34  3:53  SCV  
  35  3:55  Refinery  
  35  4:01  SCV, Marine x2  
  35  4:11  SCV  
  35  4:13  SCV  
  37  4:19  Stimpack  
  37  4:23  SCV  
  38  4:25  Combat Shields  
  38  4:29  SCV  
  39  4:33  Marine x2  
  39  4:36  SCV  
  42  4:41  SCV  
  42  4:45  Starport  
  43  4:48  SCV  
  44  4:53  SCV  
  44  4:56  Factory Reactor  
  44  4:57  Marine x2  
  44  4:58  Marine x2  
  49  5:00  SCV  
  49  5:05  Supply Depot, SCV  
  51  5:12  SCV  
  52  5:15  Engineering Bay  
  52  5:18  SCV  
  53  5:24  SCV  
  54  5:29  Marauder x2  
  54  5:30  Supply Depot, SCV  
  59  5:36  SCV  
  59  5:39  Factory Reactor  
  59  5:42  SCV  
  61  5:43  Supply Depot  
  61  5:46  Refinery  
  61  5:48  SCV  
  61  5:49  Missile Turret  
  62  5:50  Terran Infantry Weapons Level 1  
  62  5:54  SCV, Marine x2  
  65  6:00  SCV, Medivac  
  68  6:06  SCV  
  68  6:08  Marauder  
  68  6:09  Medivac  
  73  6:12  SCV  
  73  6:16  Widow Mine x2  
  73  6:18  SCV  
  76  6:19  Supply Depot  
  76  6:24  Supply Depot  
  76  6:26  Marauder  
  78  6:41  SCV, Medivac x2  
  83  6:53  Widow Mine  
  83  6:54  Marauder, Widow Mine  
  85  6:56  SCV  
  85  6:58  SCV  
  91  7:05  Supply Depot  
  91  7:10  Command Center, SCV x2  
  91  7:13  Marine x2  
  91  7:14  Marauder  
  93  7:16  Marauder  
  93  7:22  Medivac  
  89  7:31  Marine  
  89  7:32  Barracks  
  89  7:33  SCV  
  89  7:34  Barracks  
  89  7:35  Starport  
  91  7:40  Factory Reactor  
  91  7:50  SCV  
  92  7:56  Barracks  
  92  7:57  Barracks  
  92  8:01  Barracks  
  92  8:03  SCV  
  92  8:04  SCV  
  94  8:06  Supply Depot  
  93  8:16  SCV  
  78  8:30  Orbital Command  
  78  8:32  SCV, Missile Turret  
  76  8:36  SCV  
  77  8:43  Barracks Reactor x2  
  77  8:44  SCV  
  77  8:47  Barracks Reactor  
  78  8:51  Supply Depot, Widow Mine x2  
  78  8:52  SCV  
  78  8:55  Marine x2  
  85  8:56  SCV, Marine x2  
  85  8:57  Medivac x2, Marauder  
  94  9:05  Supply Depot  
  94  9:14  Marauder x2, Marine x2  
  94  9:15  SCV x2  
  94  9:16  Liberator x4  
  102  9:18  SCV  
  103  9:25  Barracks Tech Lab  
  103  9:27  SCV  
  103  9:28  Supply Depot  
  103  9:31  SCV  
  117  9:40  Command Center, Refinery  
  117  9:41  Refinery  
  117  9:42  Supply Depot  
  117  9:43  Marine x5  
  117  9:44  Marauder, Marine x4  
  117  9:45  Marine  
  127  10:03  Supply Depot  
  127  10:10  SCV x2  
  128  10:15  Terran Infantry Armor Level 1  
  128  10:16  Medivac x2  
  128  10:18  Engineering Bay, Medivac x2  
  128  10:19  Marauder x3, Marine x2  
  144  10:22  SCV  
  144  10:23  Armory  
  135  10:32  Marine  
  135  10:33  Marauder  
  136  10:39  Marine  
  136  10:40  Marauder, Marine x7  
  136  10:41  Marauder  
  148  10:50  Marine  
  148  10:54  Medivac x2, Marine  
  148  10:57  Marine  
  148  10:59  Liberator x2, Marauder  
  148  11:02  Marauder, Marine x6  
  159  11:07  Liberator  
  154  11:16  Liberator  
  141  11:41  Liberator x2  
  131  11:55  Marine  
  131  11:56  Marine  
  131  11:57  Marauder  
  131  11:59  Liberator x2  
  134  12:18  Marine x2  
  140  12:25  Supply Depot  
  140  12:26  Supply Depot  
  132  12:31  Marine x4  
  132  12:32  Marine  
  132  12:33  Marine x2, Marauder  
  132  12:34  Marine x2  
  132  12:36  Marine x2  
  101  12:49  Marauder, Orbital Command, Marine x3  
  94  12:53  Marine  
  94  12:54  Marauder  
  94  13:09  SCV x2  
  96  13:20  SCV  
  96  13:21  SCV x2  
  96  13:25  Marine  
  96  13:26  Marine x5  
  107  13:27  Marauder  
  102  13:43  Marine x2  
  102  13:44  Marauder x2  
Tags
 
Add a new tag
Caveats
  • Supply blocks, unpowered buildings, or Contaminate may cause inaccurate times.
  • Supply counts are checked every 10 seconds.